 Dungeon Crawl Stone Soup version 0.19.1-1-g22dce08 (webtiles) character file.

4909 shas the Cleaver (level 10, 0/89 HPs)
             Began as a Minotaur Fighter on Jan 20, 2017.
             Was an Elder of Okawaru.
             Slain by a sixfirhy (11 damage)
             ... summoned by an obsidian statue
             ... on level 9 of the Dungeon.
             The game lasted 00:45:17 (7250 turns).

shas the Cleaver (Minotaur Fighter)                 Turns: 7250, Time: 00:45:18

Health: 0/89       AC: 10    Str: 24    XL:     10   Next: 27%
Magic:  0/10       EV: 14    Int:  5    God:    Okawaru [****..]
Gold:   484        SH:  0    Dex: 10    Spells: 0 memorised, 9 levels left

rFire  . . .     SeeInvis .     U - +5 battleaxe
rCold  . . .     Gourm    .     I - +0 chain mail
rNeg   + . .     Faith    .     (shield currently unavailable)
rPois  .         Spirit   +     (helmet restricted)
rElec  .         Reflect  .     N - +0 cloak
rCorr  .         Harm     .     (no gloves)
MR     .....                    (no boots)
Stlth  ..........               e - amulet of guardian spirit
                                G - +5 ring of evasion
                                q - ring of positive energy

@: about to teleport, mesmerised
A: retaliatory headbutt, horns 2
a: Heroism, Renounce Religion


You were on level 9 of the Dungeon.
You worshipped Okawaru.
Okawaru was greatly pleased with you.
You were not hungry.

You visited 1 branch of the dungeon, and saw 9 of its levels.
You also visited: Ossuary.

You collected 484 gold pieces.

Inventory:

Hand Weapons
 a - a +1 war axe
 S - a +0 whip of flaming
 T - a +3 hand axe of freezing
 U - a +5 battleaxe (weapon)
Armour
 c - a +2 shield
 I - a +0 chain mail (worn)
 N - a +0 cloak (worn)
Jewellery
 b - an uncursed ring of see invisible
 e - an amulet of guardian spirit (around neck)
 q - a ring of positive energy (left hand)
 G - a +5 ring of evasion (right hand)
 P - an uncursed ring of positive energy
Wands
 p - a wand of disintegration (0/24)
 w - a wand of polymorph (14/24)
 y - a wand of flame (34/48)
 z - a wand of flame (12/48)
 E - a wand of iceblast (9/15)
 H - a wand of paralysis (17/24)
 O - a wand of slowing (35/48)
 R - a wand of lightning (7/15)
Scrolls
 j - 5 scrolls of remove curse
 k - a scroll of teleportation
 l - 2 scrolls of amnesia
 x - a scroll of vulnerability
 K - 4 scrolls of fog
Potions
 d - 2 potions of might
 h - a potion of degeneration
 i - a potion of haste
 n - a potion of lignification
 o - 7 potions of curing
 s - a potion of invisibility
 t - 2 potions of brilliance
 v - a potion of berserk rage
 A - a potion of magic {unknown}
 B - 2 potions of flight
 C - a potion of agility {unknown}
 D - a potion of heal wounds {unknown}
 J - a potion of beneficial mutation {unknown}
 L - a potion of cancellation {unknown}
 Q - a potion of resistance {unknown}
Comestibles
 f - 5 bread rations
 g - 3 beef jerkies
 m - 3 fruits
 r - 2 slices of pizza
 u - 7 meat rations
 F - 7 chunks of flesh


   Skills:
 + Level 8.3 Fighting
 + Level 12.9 Axes
 - Level 3.8 Armour
 + Level 3.1 Dodging
 + Level 1.6 Stealth
 + Level 9.2 Shields
 + Level 1.4 Evocations


You had 9 spell levels left.
You didn't know any spells.

Dungeon Overview and Level Annotations

Branches:
Dungeon (9/15)             Temple (0/1) D:7
   Lair: D:8-11         Orc: D:9-12

Altars:
Okawaru

Shops:
D:5 :   D:6 %   D:8 }

Annotations:
D:9 exclusion: obsidian statue


Innate Abilities, Weirdness & Mutations

You reflexively headbutt those who attack you in melee.
You have a pair of horns on your head.


Message History

You slash the quasit!
You kill the quasit!
You slice the ufetubus!!
You kill the ufetubus!
You slash the ice devil! The sixfirhy barely misses you. The sixfirhy hits you.
The sixfirhy shocks you! The ice devil hits you. The ice devil freezes you!
As you read the scroll of teleportation, it crumbles to dust.
You feel strangely unstable. The sixfirhy closely misses you.
The sixfirhy hits you. The sixfirhy shocks you! The sixfirhy hits you!
The sixfirhy shocks you!
* * * LOW HITPOINT WARNING * * *
The sixfirhy hits you. The sixfirhy shocks you!
* * * LOW HITPOINT WARNING * * *
The ice devil hits you but does no damage.
The red devil hits you but does no damage.
You cannot move away from the obsidian statue!
The sixfirhy hits you.
* * * LOW HITPOINT WARNING * * *
The sixfirhy shocks you!
You die...

## ## ##$# .##
##...# ###..##....
#!.8..##.....#....
#.....#...#....#
#........#.#..#
#.43@.###....###
##.4............
##5....:.....#
##..........##
#............
##............
##...........##
##..............
.#....<.)........


You could see an obsidian statue, an ice devil, a sixfirhy, a red devil and a
quasit.

Vanquished Creatures
  Pikel (D:8)
  A hill giant (D:7)
  The ghost of Paps the Magician, a novice DEFE (D:3)
  The ghost of dscm the Skirmisher, an amateur OpWn (D:5)
  Grinder (D:3)
  Eustachio (D:6)
  A wyvern (D:9)
  A steam dragon (D:7)
  A hungry ghost (D:6)
  3 water moccasins
  2 slaves (D:8)
  An ice beast (D:8)
  3 orc warriors
  2 sky beasts
  3 ogres
  3 centaurs
  2 bullfrogs (D:6)
  2 scorpions
  4 wights (D:8)
  4 crimson imps
  A centaur zombie (D:5)
  4 orc priests
  2 centaur skeletons
  A jelly (D:5)
  4 orc wizards
  A bullfrog skeleton (D:4)
  2 iguanas (D:4)
  Natasha (thrice) (D:3)
  4 worker ants
  2 big kobold zombies (Ossuary)
  A mummy (Ossuary)
  7 adders
  4 gnolls (D:5)
  4 oozes
  An adder skeleton (D:6)
  3 worms (D:2)
  4 leopard geckos
  28 orcs
  2 spectral bats (Ossuary)
  7 bats
  13 giant cockroaches
  7 goblins
  9 hobgoblins
  2 jackals (D:4)
  A quokka (D:2)
  4 ball pythons
  4 bat simulacra (Ossuary)
  7 frilled lizards
  10 gnoll zombies (Ossuary)
  A goblin simulacrum (Ossuary)
  6 goblin zombies (Ossuary)
  7 hobgoblin zombies (Ossuary)
  A jackal skeleton (D:5)
  8 kobolds
  3 kobold simulacra (Ossuary)
  A kobold zombie (Ossuary)
  4 orc zombies (Ossuary)
  8 rats
  2 rat simulacra (Ossuary)
  7 spectral goblins (Ossuary)
  3 spectral kobolds (Ossuary)
  5 spectral rats (Ossuary)
  2 plants (D:4)
238 creatures vanquished.

Vanquished Creatures (others)
  A centaur zombie (D:8)
1 creature vanquished.

Grand Total: 239 creatures vanquished

Notes
Turn   | Place    | Note
-------+----------+-------------------------------------------
     0 | D:1      | shas the Minotaur Fighter began the quest for the Orb.
     0 | D:1      | Reached XP level 1. HP: 19/19 MP: 0/0
   376 | D:1      | Reached XP level 2. HP: 27/27 MP: 1/1
   693 | D:2      | Reached skill level 3 in Axes
   726 | D:2      | Reached XP level 3. HP: 24/33 MP: 2/2
   977 | D:2      | Reached XP level 4. HP: 38/40 MP: 3/3
  1022 | D:2      | Reached skill level 4 in Axes
  1032 | D:2      | Found a faded altar of an unknown god.
  1139 | D:2      | Reached skill level 1 in Dodging
  1392 | D:3      | You fall through a shaft for 3 floors!
  1397 | D:6      | Noticed a centaur
  1407 | D:6      | Killed a centaur
  1407 | D:6      | Reached skill level 5 in Shields
  1407 | D:6      | Reached XP level 5. HP: 32/46 MP: 1/4
  1520 | D:5      | Entered Level 5 of the Dungeon
  1520 | D:5      | Found Rytun's Book Shop.
  1520 | D:5      | Noticed an ogre
  1544 | D:5      | Killed an ogre
  1544 | D:5      | Reached skill level 5 in Axes
  1544 | D:5      | Reached XP level 6. HP: 37/53 MP: 3/5
  1663 | D:5      | Reached skill level 6 in Axes
  1822 | D:5      | Found a sand-covered staircase.
  1839 | Ossuary  | Entered an ossuary
  2101 | Ossuary  | Reached XP level 7. HP: 60/60 MP: 6/6
  2421 | D:5      | Reached skill level 5 in Fighting
  2433 | D:5      | Noticed dscm's ghost (amateur OpWn)
  2444 | D:5      | Killed dscm's ghost
  2444 | D:5      | Reached skill level 7 in Axes
  2481 | D:5      | Found an iron altar of Okawaru.
  2493 | D:5      | Became a worshipper of Warmaster Okawaru
  2586 | D:5      | Reached skill level 8 in Axes
  3091 | D:6      | Reached XP level 8. HP: 62/70 MP: 7/7
  3880 | D:4      | Reached skill level 9 in Axes
  3961 | D:3      | Noticed Paps's ghost (novice DEFE)
  3968 | D:3      | Killed Paps's ghost
  3968 | D:3      | Reached * piety under Okawaru
  4038 | D:3      | Noticed Grinder
  4048 | D:3      | Killed Grinder
  4048 | D:3      | Reached skill level 10 in Axes
  4064 | D:3      | Noticed Natasha
  4067 | D:3      | Killed Natasha
  4163 | D:3      | Noticed Natasha
  4171 | D:3      | Killed Natasha
  4194 | D:3      | Noticed Natasha
  4198 | D:3      | Killed Natasha
  4695 | D:6      | Reached XP level 9. HP: 79/79 MP: 6/8
  4772 | D:6      | Found Eqonun's Food Emporium.
  4824 | D:6      | Reached ** piety under Okawaru
  5225 | D:6      | Noticed Eustachio
  5232 | D:6      | Killed Eustachio
  5232 | D:6      | Reached skill level 11 in Axes
  5593 | D:7      | Reached skill level 1 in Stealth
  5811 | D:7      | Noticed a hill giant
  5818 | D:7      | Killed a hill giant
  5818 | D:7      | Reached *** piety under Okawaru
  5868 | D:7      | Reached skill level 12 in Axes
  6014 | D:7      | Found a staircase to the Ecumenical Temple.
  6701 | D:8      | Noticed Pikel
  6714 | D:8      | Killed Pikel
  6714 | D:8      | Reached **** piety under Okawaru
  6714 | D:8      | Reached skill level 1 in Evocations
  6714 | D:8      | Reached XP level 10. HP: 76/88 MP: 9/9
  7073 | D:8      | Found Wotanwue's Gadget Emporium.
  7239 | D:9      | Noticed an obsidian statue
  7245 | D:9      | Noticed a sixfirhy
  7250 | D:9      | Slain by a sixfirhy

Skill      XL: |  1  2  3  4  5  6  7  8  9 |
---------------+----------------------------+-----
Shields        | 4 5 6 7 9 |  9.2
Axes           | 3 4 5 6 8 10 12 | 12.9
Dodging        | 1 2 3 |  3.1
Fighting       | 4 5 7 8 |  8.3
Stealth        | 1 |  1.6
Evocations     | 1 |  1.4
Armour         | |  3.8

Action                   |  1- 3 |  4- 6 |  7- 9 | 10-12 || total
-------------------------+-------+-------+-------+-------++-------
Melee: War axe           |    71 |   119 |   419 |    23 ||   632
       Headbutt          |     8 |    18 |    91 |     6 ||   123
       Battleaxe         |       |       |       |    20 ||    20
Evoke: Wand              |       |       |     7 |       ||     7
  Use: Scroll            |     5 |     3 |    12 |     5 ||    25
  Eat: Chunk             |       |     4 |     5 |       ||     9
       Bread ration      |       |       |     4 |       ||     4
Armor: Scale mail        |    36 |    37 |    39 |       ||   112
       Chain mail        |       |       |    63 |     6 ||    69
Dodge: Dodged            |    35 |    38 |    86 |    17 ||   176
Block: Shield            |    43 |    69 |   195 |    10 ||   317
